 Dungeon Crawl Stone Soup version 0.31-a0-640-g39d97e502b (webtiles) character file.

Game seed: 5281262776570048898

11748 heikuro the Blocker (level 12, -5/95 HPs)
             Began as a Formicid Fighter on Aug 24, 2023.
             Was a Priest of Okawaru.
             Slain by a minotaur
             ... wielding a +2 battleaxe of electrocution
              (11 damage)
             ... in a Gauntlet on Aug 28, 2023.
             The game lasted 00:31:25 (12407 turns).

heikuro the Blocker (Formicid Fighter)             Turns: 12407, Time: 00:31:26

Health: -5/95      AC: 20    Str: 27    XL:     12   Next: 11%
Magic:  17/17      EV: 10    Int:  7    God:    Okawaru [***...]
Gold:   724        SH:  8    Dex: 13    Spells: 11/11 levels left

rFire   + . .        a - +4 battleaxe
rCold   . . .        c - +0 buckler
rNeg    . . .        h - +0 plate armour
rPois   .            (helmet unavailable)
rElec   .            m - +1 cloak
rCorr   .            v - +0 pair of gloves
SInv    +            (no boots)
Will    +....        A - amulet of magic regeneration Stlth
                     i - ring of protection from fire
HPRegen 0.35/turn    Q - +4 ring of slaying
MPRegen 0.55/turn

%: no passive effects
@: heroic, studying Maces & Flails
A: permanent stasis, dig shafts and tunnels, antennae 3, four strong arms
a: Dig, Renounce Religion, Heroism


You were in a Gauntlet.
You worshipped Okawaru.
Okawaru was most pleased with you.
You visited 2 branches of the dungeon, and saw 13 of its levels.
You also visited: Sewer and Gauntlet.

You collected 724 gold pieces.

Inventory:

Hand Weapons
 a - a +4 battleaxe (weapon)
 E - the +4 short sword "Beastbane" {heavy, Int+3}
   (You found it on level 7 of the Dungeon)

   Int+3:     It affects your intelligence (+3).
 J - a +2 dagger of venom
Missiles
 e - 33 poisoned darts (quivered)
 g - a throwing net
Armour
 c - a +0 buckler (worn)
 h - a +0 plate armour (worn)
 m - a +1 cloak (worn)
 v - a +0 pair of gloves (worn)
Jewellery
 i - a ring of protection from fire (left hand)
 n - a ring of fire
 t - a ring of protection from fire
 A - an amulet of magic regeneration (around neck)
 H - a ring of willpower
 Q - a +4 ring of slaying (right hand)
Wands
 o - a wand of roots (5)
 p - a wand of light (21)
 u - a wand of charming (34)
 y - a wand of flame (8)
 F - a wand of mindburst (19)
Scrolls
 b - a scroll of identify
 f - 5 scrolls of enchant armour {unknown}
 j - a scroll of vulnerability {unknown}
 q - 2 scrolls of immolation {unknown}
 B - a scroll of revelation {unknown}
 C - a scroll of enchant weapon {unknown}
 D - 2 scrolls of teleportation {unknown}
 G - 4 scrolls of noise {unknown}
 K - a scroll of fog {unknown}
 L - a scroll of poison {unknown}
 M - a scroll of butterflies {unknown}
 N - 3 scrolls of amnesia {unknown}
 P - a scroll of acquirement {unknown}
Potions
 d - 4 potions of might
 k - 6 potions of enlightenment
 l - 2 potions of mutation
 r - 2 potions of lignification
 s - 2 potions of magic
 w - 3 potions of brilliance
 x - a potion of attraction
 z - a potion of cancellation
 I - 2 potions of ambrosia {unknown}
 O - 2 potions of curing


   Skills:
 + Level 9.3(14.3) Fighting
 - Level 10.1(16.1) Axes
 * Level 7.4(14.8) Maces & Flails
 + Level 9.3(14.3) Armour
 + Level 10.9(15.9) Shields
 + Level 6.9 Invocations


You had 11 spell levels left.
You didn't know any spells.
Your spell library contained the following spells:

 Spells                   Type           Power      Damage    Failure   Level
 Cigotuvi's Dreadful Rot  Necr/Pois/Air  0%         N/A       99%         2
 Ignite Poison            Fire/Tmut/Pois 0%         N/A       100%        3
 Manifold Assault         Tloc           0%         N/A       100%        4
 Freezing Cloud           Conj/Ice/Air   0%         6-21      100%        5
 Blink                    Tloc           Unusable   N/A       N/A         2

Dungeon Overview and Level Annotations

Branches:
Dungeon (12/15)            Temple (1/1) D:6           Sewer (visited)
Gauntlet (1/1)
   Lair: D:8-11         Orc: D:9-12

Altars:
Cheibriados
Dithmenos
Elyvilon
Kikubaaqudgha
Makhleb
Nemelex Xobeh
Okawaru
Qazlal
Sif Muna
Trog
Uskayaw
Vehumet
Wu Jian
Xom
Zin
The Shining One

Shops:
D:8 [   D:11 *

Annotations:
D:8 Jeremiah Gauntlet 6 transporters


Innate Abilities, Weirdness & Mutations

You cannot be hasted, slowed, berserked, paralysed or teleported.
You can dig through walls and to a lower floor.
You have a pair of large antennae on your head. (SInv)
Your four strong arms can wield two-handed weapons with a shield.


Message History

The minotaur wields a +0 arbalest of freezing.
It is covered in frost.
The minotaur shoots a bolt.
You block the bolt.
Found four items.
Found a gate leading back out of this place.
There is an open door here.
Unknown command.
You barely miss the minotaur.
The minotaur furiously retaliates!
The minotaur headbutts you, but does no damage.
The minotaur unwields a +0 arbalest of freezing.
The minotaur wields a +2 battleaxe of electrocution.
You hear the crackle of electricity.
You block the minotaur's attack. The minotaur completely misses you.
You hit the minotaur but do no damage. You barely miss the minotaur.
The minotaur hits you with a +2 battleaxe of electrocution.
The minotaur completely misses you.
You slice the minotaur!!
The minotaur is moderately wounded.
The minotaur hits you with a +2 battleaxe of electrocution!!
The minotaur gores you!
You barely miss the minotaur.
The minotaur is moderately wounded.
You block the minotaur's attack.
The minotaur gores you but does no damage.
You slice the minotaur!!
The minotaur is heavily wounded.
The minotaur hits you with a +2 battleaxe of electrocution!!
The minotaur gores you but does no damage.
You are too injured to fight recklessly!
You are too injured to fight recklessly!
You barely miss the minotaur.
The minotaur is heavily wounded.
The minotaur hits you with a +2 battleaxe of electrocution!!
* * * LOW HITPOINT WARNING * * *
The minotaur gores you but does no damage.
Unknown command.
You slash the minotaur!
The minotaur is heavily wounded.
The minotaur hits you with a +2 battleaxe of electrocution!
You die...

#≈8≈#..#(##.#
#####...#..#©...#
......8.#..#.###.
##.###...#..#"##.#
......8.#..#....#
..#.#...#..#G##..
########.#.#...#..######
8[8%8.8#...#.©.#≈.......
∩.....H@.###...#∩.......
8=8[8.8#...#.©.#≈.......
########.#.#...#..######
#.....#.#...#..##....
#8........8.#..#.#...
##.##.###...#..#..#..
#........8.#..#(..#.
########...#..#©...#
#≈8≈#..#...#.


You could see a minotaur.

Vanquished Creatures
  Erolcha (D:9)
  A ghost crab (Gauntlet)
  A boulder beetle (D:11)
  A deep elf pyromancer (D:8)
  2 cyclopes (D:8)
  A rust devil (Gauntlet)
  Maggie (D:8)
  A torpor snail (Gauntlet)
  An unseen horror (D:8)
  A wraith (D:12)
  A ynoxinul (Gauntlet)
  A steam dragon (D:8)
  16 yaks
  3 vampire mosquitoes (D:12)
  A water moccasin (D:8)
  2 orc warriors
  A black bear (D:6)
  An ice beast (D:6)
  2 ogres
  3 centaurs
  A kobold brigand (D:9)
  3 gnoll sergeants
  5 bullfrogs
  7 scorpions
  8 wights
  18 killer bees
  2 howler monkeys
  7 orc priests
  3 hounds
  A gnoll bouda (D:8)
  A sleepcap (D:6)
  3 iron imps (Gauntlet)
  3 jellies
  9 iguanas
  Ijyb (D:5)
  9 orc wizards
  4 river rats (Sewer)
  11 adders
  12 gnolls
  3 shadow imps
  4 white imps
  An ufetubus (D:8)
  2 worms (Sewer)
  2 dart slugs (D:3)
  30 orcs
  3 endoplasms
  7 giant cockroaches
  3 goblins
  5 hobgoblins
  7 jackals
  8 quokkas
  8 ball pythons
  16 bats
  6 frilled lizards
  14 kobolds
  3 rats
272 creatures vanquished.

Vanquished Creatures (others)
  2 orcs (D:8)
2 creatures vanquished.

Grand Total: 274 creatures vanquished

Notes
Turn   | Place    | Note
-------+----------+-------------------------------------------
     0 | D:1      | heikuro the Formicid Fighter began the quest for the Orb.
     0 | D:1      | Reached XP level 1. HP: 18/18 MP: 1/1
   237 | D:1      | Reached XP level 2. HP: 18/24 MP: 2/2
   773 | D:2      | Reached XP level 3. HP: 29/29 MP: 3/3
  1770 | D:3      | Reached XP level 4. HP: 34/37 MP: 4/4
  1779 | D:3      | Reached XP level 5. HP: 34/42 MP: 5/5
  1782 | D:3      | Found a glowing drain.
  1817 | Sewer    | Entered a sewer
  1905 | Sewer    | Reached skill level 5 in Shields
  2233 | Sewer    | Reached XP level 6. HP: 30/43 MP: 6/6
  3975 | D:4      | Reached XP level 7. HP: 38/43 MP: 7/7
  4355 | D:5      | Entered Level 5 of the Dungeon
  4364 | D:5      | Noticed Ijyb
  4378 | D:5      | Killed Ijyb
  4440 | D:5      | Reached skill level 5 in Axes
  4554 | D:5      | Reached skill level 5 in Fighting
  4554 | D:5      | Reached skill level 5 in Armour
  4609 | D:5      | Reached XP level 8. HP: 22/62 MP: 8/8
  6071 | D:6      | Reached XP level 9. HP: 57/69 MP: 9/9
  6236 | D:6      | Found a staircase to the Ecumenical Temple.
  6254 | Temple   | Entered the Ecumenical Temple
  6266 | Temple   | Became a worshipper of Warmaster Okawaru
  6440 | D:6      | Reached skill level 1 in Invocations
  6763 | D:7      | Identified the +4 short sword "Beastbane" {heavy, Int+3}
  7237 | D:7      | Reached * piety under Okawaru
  7382 | D:8      | Found Emoh's Armour Emporium.
  7412 | D:8      | Found an ancient bone altar of Kikubaaqudgha.
  7428 | D:8      | Noticed a cyclops
  7430 | D:8      | Noticed Jeremiah
  7434 | D:8      | You fall into a shaft and drop 2 floors!
  7434 | D:10     | Entered Level 10 of the Dungeon
  7704 | D:10     | HP: 2/71 [killer bee (3)]
  7712 | D:10     | HP: 2/71 [killer bee (7)]
  8165 | D:10     | Upgraded the game from 0.31-a0-626-g8143ab4f1d to
                  | 0.31-a0-640-g39d97e502b
  8203 | D:10     | Reached XP level 10. HP: 26/79 MP: 12/12
  8205 | D:10     | HP: 3/79 [killer bee (6)]
  9087 | D:9      | Noticed Erolcha
  9107 | D:9      | Killed Erolcha
  9107 | D:9      | Reached ** piety under Okawaru
  9295 | D:8      | Noticed an unseen horror
  9318 | D:8      | Noticed Maggie
  9331 | D:8      | Killed Maggie
  9332 | D:8      | Reached skill level 5 in Invocations
  9332 | D:8      | Reached XP level 11. HP: 40/86 MP: 14/14
  9523 | D:8      | Noticed a deep elf pyromancer
  9530 | D:8      | Killed a deep elf pyromancer
  9531 | D:8      | Reached skill level 10 in Axes
  9556 | D:8      | You fall into a shaft and drop 3 floors!
  9557 | D:11     | Noticed a boulder beetle
  9577 | D:11     | Killed a boulder beetle
  9577 | D:11     | Reached *** piety under Okawaru
  9578 | D:11     | Reached skill level 10 in Shields
  9740 | D:11     | Found Loenubat's Assorted Antiques.
  9891 | D:8      | Killed a cyclops
 10116 | D:7      | Noticed a cyclops
 10125 | D:8      | Killed a cyclops
 11239 | D:8      | You fall into a shaft and drop 1 floor!
 11382 | D:9      | Noticed a death yak
 11389 | D:9      | You fall into a shaft and drop 2 floors!
 11504 | D:11     | Noticed a cyclops
 11509 | D:11     | You fall into a shaft and drop 1 floor!
 11578 | D:12     | Reached skill level 5 in Maces & Flails
 11822 | D:12     | Found a gate leading to a gauntlet.
 11835 | Gauntlet | Entered a Gauntlet
 11835 | Gauntlet | Found a transporter.
 11835 | Gauntlet | Found a transporter.
 11835 | Gauntlet | Found a transporter.
 11839 | Gauntlet | Found a transporter.
 11839 | Gauntlet | Found a transporter.
 11839 | Gauntlet | Found a transporter.
 11849 | Gauntlet | Found a transporter.
 11852 | Gauntlet | Noticed a necromancer
 11853 | Gauntlet | Found a transporter.
 11858 | Gauntlet | Noticed a ghost crab
 11862 | Gauntlet | Noticed a cyan ugly thing
 11862 | Gauntlet | Noticed a purple ugly thing
 11863 | Gauntlet | Found a transporter.
 11867 | Gauntlet | Noticed a great orb of eyes
 11870 | Gauntlet | Found a transporter.
 11890 | Gauntlet | Found a transporter.
 11891 | Gauntlet | Found a transporter.
 12108 | Gauntlet | Reached **** piety under Okawaru
 12217 | Gauntlet | Reached XP level 12. HP: 91/95 MP: 13/17
 12256 | Gauntlet | Killed a ghost crab
 12398 | Gauntlet | Identified the +4 plate armour "Miecexio" {rElec Int+2
                  | Dex-3}
 12398 | Gauntlet | Identified the ring of Music {rElec Will- Str+4 Int+6}
 12398 | Gauntlet | Noticed a minotaur
 12407 | Gauntlet | Slain by a minotaur

Illustrated notes

Levels and vault maps discovered:
D:1:      mainiacjoe_arrival_reflecting_pool, layout_basic
D:2:      layout_basic, minivault_25
D:3:      layout_loops_cross, gup_sewer_entry_glass
D:4:      layout_basic
D:5:      layout_loops_ring, minmay_misc_feat_secret_circle, nicolae_sextant,
          uniq_ijyb
D:6:      layout_basic, minmay_temple_entry_tees
D:7:      layout_rooms, nzn_random_ring
D:8:      layout_rooms, nicolae_overflow_hallway_of_the_gods,
          mainiacjoe_overflow_paths, serial_shops, nicolae_shop_rolling_square,
          minmay_manual_monolith, uniq_jeremiah, uniq_maggie
D:9:      layout_cave_pods, lemuel_doored_altar, dpeg_lair_monsters,
          serial_shops, shop, grunt_ministairs_13, uniq_erolcha
D:10:     cheibrodos_statue_roulette, layout_cave_pools
D:11:     layout_stronghold, serial_shops, nicolae_take_the_stairs,
          nicolae_wooded_promenade, hangedman_abyss_or_decor_stabs,
          minmay_misc_feat_nine_boxes, nicolae_ru_awakened_eye
D:12:     layout_loops_corners, david_orc_5, gauntlet_entry_generic
Temple:   eino_wide_crystal_templ
Gauntlet: gammafunk_gauntlet_hard_choice [gammafunk_gauntlet_arena_corners,
          gammafunk_gauntlet_arena_chambers, nicolae_gauntlet_arena_t_cross,
          nicolae_gauntlet_arena_quarters, gammafunk_gauntlet_arena_crates,
          nicolae_gauntlet_arena_x, nicolae_gauntlet_exit_dead_adventurers]

Skill      XL: |  1  2  3  4  5  6  7  8  9 10 11 12 |
---------------+-------------------------------------+-----
Axes           | 3 4 5 6 8 9 10 | 10.1
Fighting       | 4 5 6 7 8 9 |  9.3
Armour         | 4 5 6 7 8 9 |  9.3
Shields        | 5 6 7 8 9 10 | 10.9
Invocations    | 2 5 6 |  6.9
Maces & Flails | 6 7 |  7.4

Action                     |  1- 3 |  4- 6 |  7- 9 | 10-12 || total
---------------------------+-------+-------+-------+-------++-------
  Melee: War axe           |    81 |   273 |   319 |   195 ||   868
         Dagger            |       |       |    38 |    45 ||    83
         Battleaxe         |       |       |       |   113 ||   113
  Throw: Dart              |       |     4 |    18 |     4 ||    26
 Invoke: Heroism           |       |       |     2 |    15 ||    17
         Finesse           |       |       |       |     1 ||     1
Ability: Dig               |       |     4 |       |       ||     4
         Shaft Self        |       |       |     1 |     4 ||     5
    Use: Scroll            |       |     3 |     2 |     1 ||     6
         Potion            |       |     1 |     5 |     1 ||     7
 Armour: Scale mail        |     9 |       |       |       ||     9
         Plate armour      |    44 |   235 |   290 |   202 ||   771
  Dodge: Dodged            |    23 |    95 |   159 |   120 ||   397
  Block: Buckler           |    28 |    90 |   147 |   131 ||   396

Table legend: (Time is in decaauts)
 A = Elapsed time spent in this place.
 B = Non-inter-level travel time spent in this place.
 C = Inter-level travel time spent in this place.
 D = Time resting spent in this place.
 E = Time spent auto-exploring this place.
 F = Levels seen in this place.
 G = Mean time per level.
                   A        B        C        D        E       F      G
               +--------+--------+--------+--------+--------+-----+--------+
         Total |  12726 |  12262 |    464 |   3463 |   4272 |  15 |  848.4 |
       Dungeon |  10948 |  10506 |    442 |   3002 |   4057 |  12 |  912.3 |
        Temple |     24 |      2 |     22 |      0 |      0 |   1 |   24.0 |
         Sewer |   1194 |   1194 |      0 |    295 |     77 |   1 | 1194.0 |
      Gauntlet |    558 |    558 |      0 |    166 |    138 |   1 |  558.0 |
               +--------+--------+--------+--------+--------+-----+--------+

Top non-repeatable levels by time:
     D:8: 1390 daAuts
    D:10: 1325 daAuts
     D:5: 1196 daAuts
   Sewer: 1194 daAuts
     D:2: 1151 daAuts
     D:7: 1147 daAuts
     D:3: 852 daAuts
     D:6: 852 daAuts
     D:4: 812 daAuts
     D:1: 762 daAuts
     D:9: 756 daAuts
Gauntlet: 558 daAuts
    D:11: 375 daAuts
    D:12: 326 daAuts
  Temple: 24 daAuts
